 Dungeon Crawl Stone Soup version 0.29.0-4-gdea44cf6ec (webtiles) character file.

Game seed: 9636255153906407298

108 qw the Ruffian (level 4, -4/36 HPs)
             Began as a Ghoul Fire Elementalist on Aug 29, 2022.
             Slain by Natasha (5 damage)
             ... on level 2 of the Dungeon.
             The game lasted 00:01:39 (2117 turns).

qw the Ruffian (Ghoul Fire Elementalist)            Turns: 2117, Time: 00:01:40

Health: -4/36      AC:  3    Str: 13    XL:     4   Next: 87%
Magic:  5/5        EV: 12    Int: 10    God:
Gold:   82         SH:  0    Dex:  9    Spells: 5/6 levels left

rFire   . . .      SeeInvis .     - Unarmed
rCold   + . .      Faith    .   (no shield)
rNeg    + + +      Spirit   .   a - +0 robe
rPois   inf        Reflect  .   (no helmet)
rElec   .          Harm     .   h - +0 cloak
rCorr   .          Rampage  .   (no gloves)
Will    .....                   (no boots)
Stlth   ++........              (no amulet)
HPRegen 0.00/turn               (no ring)
MPRegen 0.09/turn               (no ring)

@: inhibited regen, slowed, very slow
A: claws 1, cold resistance 1, negative energy resistance 3, inhibited
regeneration, torment resistance 2, devour on kill
a: no special abilities


You were on level 2 of the Dungeon.
You visited 1 branch of the dungeon, and saw 2 of its levels.

You collected 82 gold pieces.


Innate Abilities, Weirdness & Mutations

You are immune to poison.
You have sharp fingernails.
Your flesh is cold resistant. (rC+)
You are immune to negative energy. (rN+++)
You do not regenerate when monsters are visible.
You are immune to unholy pain and torment.
You thrive by killing the living.


   Skills:
 - Level 2.0 Fighting
 - Level 1.7 Dodging
 - Level 2.1 Stealth
 + Level 4.1 Unarmed Combat
 - Level 1.7 Spellcasting
 - Level 0.7 Conjurations
 - Level 2.4 Fire Magic


You had 5 spell levels left.
You knew the following spells:

 Your Spells              Type           Power      Damage    Failure   Level
a - Foxfire               Conj/Fire      16%        2x1d4     17%         1

Your spell library contained the following spells:

 Spells                   Type           Power      Damage    Failure   Level
 Scorch                   Fire           10%        2d6       19%         2
 Conjure Flame            Conj/Fire      4%         6-21      45%         3
 Inner Flame              Hex/Fire       3%         N/A       52%         3
 Flame Wave               Conj/Fire      4%         2d5       86%         4

Inventory:

Missiles
 c - 4 boomerangs (quivered)
Armour
 a - a +0 robe (worn)
 d - a +0 chain mail
 h - a +0 cloak (worn)
Jewellery
 i - a ring of ice
Scrolls
 e - a scroll of magic mapping {unknown}
 j - a scroll of teleportation {unknown}
 k - a scroll of noise {unknown}
 m - a scroll of identify
Potions
 b - a potion of attraction {unknown}
 f - a potion of resistance {unknown}
 g - 2 potions of curing {unknown}
 l - a potion of brilliance {unknown}

Dungeon Overview and Level Annotations

Branches:
Dungeon (2/15)

Altars:

Annotations:
D:2 Natasha


Message History

Natasha claws you.
You barely miss Natasha.
Natasha is moderately wounded.
Natasha stares at you and mumbles some strange words.
The magic dart hits you!
You scratch Natasha.
Natasha is heavily wounded.
Natasha closely misses you.
You scratch Natasha.
Natasha is severely wounded.
Natasha barely misses you.
You closely miss Natasha.
Natasha is severely wounded.
You completely miss Natasha.
Natasha is severely wounded.
Natasha claws you.
You scratch Natasha.
Natasha is severely wounded.
Natasha claws you.
You scratch Natasha but do no damage.
Natasha is severely wounded.
Natasha misses you.
You scratch Natasha.
Natasha is almost dead.
Natasha howls an incantation.
Natasha glows brightly for a moment.
Natasha casts a spell at you. You resist with some effort.
You closely miss Natasha.
Natasha is almost dead.
Natasha casts a spell at you. The magic dart hits you!
You completely miss Natasha.
Natasha is almost dead.
Natasha casts a spell at you.
You feel yourself slow down.
You scratch Natasha.
Natasha is almost dead.
Natasha claws you.
You die...

.....#....#........... ..
.....#.#.)#...#..##.. '.
#..#.#)#....#.#.....##.#
##.#...#.#..#...##.....###
...#.....#................
#############.####......#
#....%.###### ####.###
##########@#
####........h.#
####..........>..#
........########.#
####.#### #.# #<# ####.#
#.# #....# #.# #.##.# #.#
#.##.#


You could see Natasha.

Vanquished Creatures
  Natasha (twice) (D:2)
  2 adders (D:2)
  4 worms (D:2)
  A dart slug (D:2)
  An orc (D:2)
  An endoplasm (D:2)
  4 goblins
  A hobgoblin (D:1)
  A kobold (D:2)
  3 quokkas
  2 ball pythons (D:2)
  4 frilled lizards
  3 rats
29 creatures vanquished.

Notes
Turn   | Place    | Note
-------+----------+-------------------------------------------
     0 | D:1      | qw the Ghoul Fire Elementalist began the quest for the Orb.
     0 | D:1      | Reached XP level 1. HP: 14/14 MP: 2/2
     0 | D:1      | 0 ||| qw: Version: 0.1-a-90-g952f4b7
     0 | D:1      | 0 ||| qw: Game counter: 3862
     0 | D:1      | 0 ||| qw: Always use a shield: true
     0 | D:1      | 0 ||| qw: God list: Okawaru
     0 | D:1      | 0 ||| qw: Allow faded altars: false
     0 | D:1      | 0 ||| qw: Do Orc after D:15 true
     0 | D:1      | 0 ||| qw: Do second Lair branch before Depths: true
     0 | D:1      | 0 ||| qw: Lair rune preference: random
     0 | D:1      | 0 ||| qw: Plans: Normal
     0 | D:1      | 0 ||| PLANNING D:1-11
   239 | D:1      | Reached skill level 1 in Unarmed Combat
   510 | D:1      | 510 ||| UPGRADING to +0 cloak.
   515 | D:1      | 515 ||| READING scroll labelled YFI WUX OMELL.
   516 | D:1      | 516 ||| READING 2 scrolls labelled ESTRERI JEQEM.
   517 | D:1      | 517 ||| READING scroll labelled WURPHO ZAIFIA.
   518 | D:1      | 518 ||| DRINKING 2 fizzy brown potions.
   519 | D:1      | 519 ||| DROPPING potion of magic.
   520 | D:1      | 520 ||| DROPPING scroll of vulnerability.
   637 | D:2      | Reached skill level 1 in Fighting
   637 | D:2      | Reached XP level 2. HP: 9/24 MP: 3/3
   758 | D:2      | 758 ||| FLEEEEING.
   858 | D:2      | 858 ||| Stepping ~*~*~tactically~*~*~ (hiding).
   918 | D:2      | Noticed Natasha
   932 | D:2      | HP: 3/24 [Natasha/magic dart (8)]
   933 | D:2      | 933 ||| DRINKING potion of heal wounds.
   937 | D:2      | Killed Natasha
   938 | D:2      | Reached skill level 2 in Unarmed Combat
   938 | D:2      | Reached XP level 3. HP: 16/29 MP: 4/4
  1173 | D:2      | 1173 ||| FLEEEEING.
  1176 | D:2      | 1176 ||| FLEEEEING.
  1177 | D:2      | 1177 ||| FLEEEEING.
  1178 | D:2      | 1178 ||| FLEEEEING.
  1179 | D:2      | 1179 ||| FLEEEEING.
  1180 | D:2      | 1180 ||| FLEEEEING.
  1185 | D:2      | 1185 ||| FLEEEEING.
  1389 | D:2      | Reached skill level 3 in Unarmed Combat
  1490 | D:2      | 1490 ||| Stepping ~*~*~tactically~*~*~ (stealth).
  1492 | D:2      | 1492 ||| Stepping ~*~*~tactically~*~*~ (stealth).
  1511 | D:2      | Reached XP level 4. HP: 34/36 MP: 5/5
  1530 | D:2      | 1530 ||| Stepping ~*~*~tactically~*~*~ (stealth).
  1546 | D:2      | Noticed Natasha
  1548 | D:2      | 1548 ||| Stepping ~*~*~tactically~*~*~ (stealth).
  1553 | D:2      | 1553 ||| Stepping ~*~*~tactically~*~*~ (stealth).
  1554 | D:2      | 1554 ||| Stepping ~*~*~tactically~*~*~ (stealth).
  1566 | D:2      | Killed Natasha
  1658 | D:2      | Reached skill level 4 in Unarmed Combat
  1730 | D:2      | Found a faded altar of an unknown god.
  1986 | D:2      | 1986 ||| Stepping ~*~*~tactically~*~*~ (outnumbered).
  1987 | D:2      | 1987 ||| Stepping ~*~*~tactically~*~*~ (outnumbered).
  2000 | D:2      | Noticed Natasha
  2001 | D:2      | 2001 ||| Stepping ~*~*~tactically~*~*~ (stealth).
  2102 | D:2      | 2102 ||| FLEEEEING.
  2111 | D:2      | HP: 9/36 [Natasha (4)]
  2115 | D:2      | HP: 1/36 [Natasha/magic dart (7)]
  2117 | D:2      | Slain by Natasha

Levels and vault maps discovered:
D:1:      minmay_arrival_stair_chambers, layout_rooms, corexii_leaking_fountain
D:2:      minmay_thinvault, layout_loops_ring,
          hellmonk_ecumenical_altar_leap_of_faith, minmay_hedge_maze,
          uniq_natasha

Skill      XL: |  1  2  3  4 |
---------------+-------------+-----
Unarmed Combat | 1 2 3 4 |  4.1
Fighting       | 1 2 |  2.0
Dodging        | |  1.7
Stealth        | |  2.1
Spellcasting   | |  1.7
Conjurations   | |  0.7
Fire Magic     | |  2.4

Action                   |  1- 3 |  4- 6 || total
-------------------------+-------+-------++-------
Melee: Unarmed           |    86 |    62 ||   148
       Punch             |     1 |     1 ||     2
Throw: Boomerang         |     4 |    16 ||    20
  Use: Scroll            |     3 |       ||     3
       Potion            |     2 |       ||     2
 Stab: Distracted        |       |     1 ||     1
Armor: Robe              |    14 |     6 ||    20
Dodge: Dodged            |    43 |    22 ||    65

Table legend:
 A = Non-vault XP
 B = Vault XP
 C = Vault XP percentage of total XP
 D = Non-vault monster count
 E = Vault monster count
 F = Vault count percentage of total count
                 A         B        C        D         E       F
            +---------+---------+-------+---------+---------+-------
      Total |      73 |      82 |  52.9 |      15 |      14 |  48.3
            +---------+---------+-------+---------+---------+-------
        D:1 |       8 |       0 |   0.0 |       5 |       0 |   0.0
        D:2 |      65 |      82 |  55.8 |      10 |      14 |  58.3
            +---------+---------+-------+---------+---------+-------
